 Dungeon Sprint DCSS version 0.31-a0-620-gd1cbd99268 (webtiles) character file.

Game seed: 6886139628675127092

1225 sircluck the Grappler (level 8, -2/92 HPs)
             Began as a Troll Berserker on Aug 23, 2023.
             Was an Elder of Trog.
             Slain by Sonja
             ... wielding a +0 short sword of distortion
              (20 damage)
             ... in the Dungeon (Sprint I: "Red Sonja").
             The game lasted 00:01:56 (366 turns).

sircluck the Grappler (Troll Berserker)              Turns: 366, Time: 00:01:56

Health: -2/92      AC:  4    Str: 28    XL:     8   Next: 23%
Magic:  7/7        EV: 12    Int:  3    God:    Trog [****..]
Gold:   343        SH:  0    Dex:  9    Spells: 7/7 levels left

rFire   . .          .
                       - Unarmed
rCold   . . .        (no shield)
rNeg    . . .        a - +0 animal skin
rPois   .            (helmet restricted)
rElec   .            (no cloak)
rCorr   .            (gloves unavailable)
SInv    .            (boots unavailable)
Will    .....        (no amulet)
Stlth   +            (no ring)
HPRegen 1.15/turn    (no ring)
MPRegen 0.10/turn

%: no teleportation
@: on berserk cooldown, slowed, very slow
A: large, unfitting armour, claws 3, regeneration 1, shaggy fur 1, tough skin 1
a: Renounce Religion, Berserk, Trog's Hand, Brothers in Arms


You were in the Dungeon.
You worshipped Trog.
Trog was greatly pleased with you.
You visited 1 branch You collected 440 gold pieces.
You spent 97 gold pieces at shops.

Inventory:

Armour
 a - a +0 animal skin (worn)
Wands
 h - a wand of paralysis (13)
Scrolls
 g - a scroll of blinking
 i - a scroll of revelation
Potions
 b - a potion of curing
 c - a potion of heal wounds
 d - a potion of haste
 e - 2 potions of magic
 f - a potion of berserk rage


   Skills:
 + Level 9.4 Fighting
 + Level 9.2 Dodging
 + Level 11.0 Unarmed Combat


You had 7 spell levels left.
You didn't know any spells.
Your spell library was empty.

Dungeon Overview and Level Annotations

Branches:
Dungeon (1/1)

Altars:
Cheibriados
Dithmenos
Elyvilon
Fedhas
Gozag
Hepliaklqana
Kikubaaqudgha
Makhleb
Nemelex Xobeh
Okawaru
Qazlal
Ru
Sif Muna
Trog
Uskayaw
Vehumet
Wu Jian
Xom
Yredelemnul
Zin
The Shining One
Jiyva
Lugonu

Shops:
D ?

Annotations:
D Sonja


Innate Abilities, Weirdness & Mutations

You are too large for most types of armour.
You have claws for hands.
Your natural rate of healing is unusually fast.
You are covered in fur. (AC +1)
You have tough skin. (AC +1)


Message History

Unknown command.
A red film seems to cover your vision as you go berserk!
You feel yourself moving faster!
You feel mighty!
You feel a strong urge to attack something.
Sonja casts a spell.
Sonja blinks!
There is an open door here.
You feel your anger nearly subside.
You are no longer berserk.
You are exhausted.
You feel yourself slow down.
Sonja gestures wildly while chanting.
Sonja blinks!
No target in view!
There is an open door here.
Sonja casts a spell.
Sonja blinks!
You close the door.
Sonja breaks down the door.
Sonja hits you with a +0 short sword of distortion.
Space warps around you.
Sonja hits you with a +0 short sword of distortion.
Space warps around you. Sonja hits you but does no damage.
Space warps around you.
Sonja hits you with a +0 short sword of distortion.
Space warps around you. Sonja hits you but does no damage.
Space warps around you.
Sonja hits you with a +0 short sword of distortion.
There is a broken door here.
You claw Sonja!
Sonja is heavily wounded.
Sonja hits you with a +0 short sword of distortion!
Space warps horribly around you!!
* * * LOW HITPOINT WARNING * * *
Sonja hits you with a +0 short sword of distortion.
* * * LOW HITPOINT WARNING * * *
Sonja barely misses you.
Sonja hits you with a +0 short sword of distortion.
* * * LOW HITPOINT WARNING * * *
Space warps horribly around you!!
You die...

#<.#..)..#.)'..#__#..'.).#
#..)..#..'..#..'..'..#.).#
#..#####'#####'#__####...+
#..####..#...#.#### #####
#..#__####..##.#
#..#_____##'#_.+
#⌠⌠#_.∩...÷..._#
####_..__##_K#'#
#_____###@#.#
#########.### +$.$+ #$.$#
##.## #+#


You could see Sonja.

Vanquished Creatures
  2 kobold demonologists (D)
  A slime creature (D)
  Sigmund (D)
  A yak (D)
  A floating eye (D)
  An ogre (D)
  A jelly (D)
  Ijyb (D)
9 creatures vanquished.

Notes
Turn   | Place    | Note
-------+----------+-------------------------------------------
     0 | D        | sircluck the Troll Berserker began the quest for the Orb.
     0 | D        | Reached XP level 1. HP: 22/22 MP: 0/0
     1 | D        | Noticed Ijyb
     4 | D        | Paralysed by Ijyb for 4 turns
    11 | D        | Paralysed by Ijyb for 3 turns
    21 | D        | Paralysed by Ijyb for 5 turns
    27 | D        | Killed Ijyb
    28 | D        | Reached skill level 4 in Unarmed Combat
    28 | D        | Reached XP level 2. HP: 32/32 MP: 1/1
    32 | D        | Noticed an ogre
    36 | D        | Killed an ogre
    37 | D        | Reached skill level 5 in Fighting
    37 | D        | Reached skill level 5 in Dodging
    37 | D        | Reached skill level 6 in Unarmed Combat
    37 | D        | Reached XP level 3. HP: 42/42 MP: 2/2
    37 | D        | Reached XP level 4. HP: 50/50 MP: 3/3
    80 | D        | Noticed Sigmund
    94 | D        | Killed Sigmund
    94 | D        | Reached ** piety under Trog
    95 | D        | Reached skill level 7 in Unarmed Combat
    95 | D        | Reached XP level 5. HP: 61/61 MP: 4/4
    95 | D        | Reached XP level 6. HP: 68/68 MP: 5/5
   107 | D        | Found an ornate altar of the Wu Jian Council.
   107 | D        | Found a shimmering blue altar of Sif Muna.
   109 | D        | Found a radiant altar of Vehumet.
   112 | D        | Reached skill level 8 in Unarmed Combat
   153 | D        | Found Rideowk's Magic Scroll Emporium.
   153 | D        | Found an ancient bone altar of Kikubaaqudgha.
   153 | D        | Found a hazy altar of Hepliaklqana.
   153 | D        | Found a stormy altar of Qazlal.
   153 | D        | Found a hide-covered altar of Uskayaw.
   153 | D        | Found a blossoming altar of Fedhas.
   153 | D        | Found a bloodstained altar of Trog.
   153 | D        | Found an iron altar of Okawaru.
   153 | D        | Found a basalt altar of Yredelemnul.
   153 | D        | Found a glowing golden altar of the Shining One.
   153 | D        | Found a snail-covered altar of Cheibriados.
   153 | D        | Found a sacrificial altar of Ru.
   153 | D        | Found a glowing silver altar of Zin.
   153 | D        | Found a shadowy altar of Dithmenos.
   153 | D        | Found a white marble altar of Elyvilon.
   153 | D        | Noticed a yak
   158 | D        | Killed a yak
   159 | D        | Found an opulent altar of Gozag.
   160 | D        | Found a sparkling altar of Nemelex Xobeh.
   168 | D        | Bought a scroll of revelation for 97 gold pieces
   187 | D        | Found a burning altar of Makhleb.
   187 | D        | Found a viscous altar of Jiyva.
   187 | D        | Found a shimmering altar of Xom.
   187 | D        | Found a corrupted altar of Lugonu.
   187 | D        | Noticed a slime creature
   195 | D        | Killed a slime creature
   196 | D        | Reached skill level 9 in Unarmed Combat
   196 | D        | Reached XP level 7. HP: 48/80 MP: 6/6
   259 | D        | Noticed a kobold demonologist
   260 | D        | Noticed a kobold demonologist
   262 | D        | Paralysed by a floating eye for 4 turns
   266 | D        | Reached *** piety under Trog
   271 | D        | Noticed an ice devil
   272 | D        | Killed a kobold demonologist
   273 | D        | Reached skill level 10 in Unarmed Combat
   279 | D        | Killed a kobold demonologist
   279 | D        | Reached **** piety under Trog
   280 | D        | Reached skill level 11 in Unarmed Combat
   280 | D        | Reached XP level 8. HP: 20/92 MP: 7/7
   356 | D        | Noticed Sonja
   366 | D        | Slain by Sonja

Illustrated notes

Levels and vault maps discovered:
D:        dungeon_sprint_1 [red_sonja_temple_1, red_sonja_temple_small_1]

Skill      XL: |  1  2  3  4  5  6  7 |
---------------+----------------------+-----
Fighting       | 3 5 6 8 9 |  9.4
Dodging        | 3 5 6 8 9 |  9.2
Unarmed Combat | 4 6 7 9 11 | 11.0

Action                     |  1- 3 |  4- 6 |  7- 9 || total
---------------------------+-------+-------+-------++-------
  Melee: Unarmed           |    17 |    18 |    15 ||    50
 Invoke: Berserk           |     1 |     1 |     2 ||     4
 Armour: Animal skin       |     5 |     1 |    14 ||    20
  Dodge: Dodged            |     4 |     9 |    14 ||    27

Table legend: (Time is in decaauts)
 A = Elapsed time spent in this place.
 B = Non-inter-level travel time spent in this place.
 C = Inter-level travel time spent in this place.
 D = Time resting spent in this place.
 E = Time spent auto-exploring this place.
 F = Levels seen in this place.
 G = Mean time per level.
                   A        B        C        D        E       F      G
               +--------+--------+--------+--------+--------+-----+--------+
         Total |    389 |    381 |      8 |    171 |      3 |   1 |  389.0 |
       Dungeon |    389 |    381 |      8 |    171 |      3 |   1 |  389.0 |
               +--------+--------+--------+--------+--------+-----+--------+

Top non-repeatable levels by time:
       D: 389 daAuts
